 Dungeon Crawl Stone Soup version 0.24.0-123-gd5b16e6ec5 (webtiles) character file.

Game seed: 7139530794158472625, levelgen mode: deterministic

10558 Goreval the Basher (level 11, -3/81 HPs)
             Began as a Barachi Ice Elementalist on Jan 7, 2020.
             Was an Elder of the Shining One.
             Slain by a freezing wraith (6 damage)
             ... led by a death knight
             ... on level 11 of the Dungeon.
             The game lasted 00:44:28 (16571 turns).

Goreval the Basher (Barachi Ice Elementalist)      Turns: 16571, Time: 00:44:28

Health: -3/81      AC: 11    Str: 10    XL:     11   Next: 64%
Magic:  8/17       EV: 14    Int: 26    God:    the Shining One [****..]
Gold:   301        SH:  5    Dex: 11    Spells: 4/18 levels left

rFire    + . .     SeeInvis .   n - +11 morningstar of Rocim {holy, +Rage rPois Int+7 Dex-4}
rCold    . . .     Gourm    +   i - +0 buckler
rNeg     + + .     Faith    .   J - +0 robe "Jifuxuek" {rF+ rCorr}
rPois    +         Spirit   .   m - +2 helmet
rElec    .         Reflect  .   L - +0 cloak
rCorr    +         Harm     .   (no gloves)
MR       .....                  (no boots)
Stlth    +.........             H - amulet of the gourmand
HPRegen  0.23/turn              f - +5 ring of protection
MPRegen  0.15/turn              x - +3 ring of dexterity

@: sluggish, about to teleport, can't hop, glowing, very slow
A: +LOS, swims, slowness 1, strong legs 1
a: Hop, Divine Shield, Cleansing Flame, Renounce Religion, Evoke Berserk Rage


You were on level 11 of the Dungeon.
You worshipped the Shining One.
The Shining One was greatly pleased with you.
You were very full.

You visited 2 branches of the dungeon, and saw 12 of its levels.
You also visited: Sewer and Bailey.

You collected 737 gold pieces.
You spent 436 gold pieces at shops.

Inventory:

Hand Weapons
 n - the +11 morningstar of Rocim (weapon) {holy, +Rage rPois Int+7 Dex-4}
   (You found it on level 6 of the Dungeon)

   It has been blessed by the Shining One to cause great damage to the undead
   and demons.
   It affects your intelligence (+7).
   It affects your dexterity (-4).
   It protects you from poison.
   It lets you go berserk.
Missiles
 d - 345 stones (quivered)
Armour
 i - a +0 buckler (worn)
 m - a +2 helmet (worn)
 w - a +2 robe of fire resistance
 J - the +0 robe "Jifuxuek" (worn) {rF+ rCorr}
   (You bought it in a shop on level 9 of the Dungeon)

   It protects you from fire.
   It provides partial protection from all sources of acid and corrosion.
 K - the +0 leather armour of Mezcal {rC+ Dex+4}
   (You found it in a bailey)

   It affects your dexterity (+4).
   It protects you from cold.
 L - a +0 cloak (worn)
Jewellery
 e - an uncursed ring of protection from cold
 f - a +5 ring of protection (left hand)
 x - a +3 ring of dexterity (right hand)
 z - an uncursed ring of wizardry
 H - an amulet of the gourmand (around neck)
Wands
 D - a wand of flame (23)
Scrolls
 b - 2 scrolls of remove curse
 g - a scroll of identify
 j - 2 scrolls of enchant weapon {unknown}
 k - a scroll of amnesia {unknown}
 l - a scroll of enchant armour
 p - 2 scrolls of fog
 t - a scroll of fear {unknown}
 u - 3 scrolls of teleportation
 y - 3 scrolls of blinking
 A - 2 scrolls of noise {unknown}
 G - a scroll of acquirement
Potions
 a - a potion of invisibility {unknown}
 h - 4 potions of flight
 o - 7 potions of curing
 q - a potion of berserk rage {unknown}
 r - a potion of might
 s - 2 potions of lignification
 v - 3 potions of cancellation
 B - a potion of agility
 E - a potion of heal wounds
 F - 2 potions of brilliance
 I - a potion of ambrosia {unknown}
 M - a potion of mutation {unknown}
Comestibles
 c - 24 rations


   Skills:
 - Level 6.0 Fighting
   Level 4.2 Long Blades
 - Level 10.1 Maces & Flails
 - Level 5.0 Dodging
 - Level 2.0 Stealth
 - Level 4.9 Shields
 - Level 4.0 Spellcasting
 - Level 1.1 Conjurations
 + Level 4.6 Charms
 - Level 6.0 Summonings
 - Level 10.0 Ice Magic
 + Level 4.6 Air Magic
 + Level 4.2 Invocations


You had 4 spell levels left.
You knew the following spells:

 Your Spells              Type           Power        Failure   Level  Hunger
a - Throw Frost           Conj/Ice       ####..       1%          2    None
b - Freeze                Ice            ####         1%          1    None
c - Summon Ice Beast      Ice/Summ       #####...     3%          4    ####...
d - Ozocubu's Armour      Chrm/Ice       #####...     1%          3    ##.....
k - Swiftness             Chrm/Air       ####....     1%          2    None
p - Passwall              Tmut/Erth      #.......     13%         2    None

Your spell library contained the following spells:

 Spells                   Type           Power        Failure   Level  Hunger
 Summon Small Mammal      Summ           ####         1%          1    None
 Poisonous Vapours        Pois/Air       ###...       4%          2    None
 Magic Dart               Conj           ##..         5%          1    None
 Animate Skeleton         Necr           N/A          9%          1    None
 Apportation              Tloc           #.....       9%          1    None
 Confusing Touch          Hex            #.....       9%          1    None
 Searing Ray              Conj           ##....       9%          2    None
 Throw Icicle             Conj/Ice       ####....     9%          4    ####...
 Mephitic Cloud           Conj/Pois/Air  ###.....     12%         3    ##.....
 Conjure Flame            Conj/Fire      #.......     21%         3    ##.....
 Dazzling Spray           Conj/Hex       #.....       21%         3    ##.....
 Iskenderun's Mystic Bla  Conj           ##......     47%         4    ####...
 Force Lance              Conj/Tloc      #.......     56%         4    ####...
 Fulminant Prism          Conj/Hex       #.........   56%         4    ####...
 Passage of Golubria      Tloc           N/A          63%         4    ####...
 Freezing Cloud           Conj/Ice/Air   ####......   83%         6    #######
 Lee's Rapid Deconstruct  Erth           #.........   93%         5    #####..
 Darkness                 Hex            #.........   100%        6    #######
 Invisibility             Hex            #.......     100%        6    #######
 Ring of Flames           Chrm/Fire      ###.......   100%        7    #######


Dungeon Overview and Level Annotations

Branches:
Dungeon (11/15)            Temple (0/1) D:6            Lair (0/6) D:8
    Orc (1/2) D:10          Sewer (visited)          Bailey (visited)

Altars:
Dithmenos
Elyvilon
Fedhas
Hepliaklqana
Kikubaaqudgha
Nemelex Xobeh
Qazlal
Ru
Sif Muna
Uskayaw
Wu Jian
Xom
The Shining One
Beogh

Shops:
D:7 *   D:9 =*   D:10 [


Innate Abilities, Weirdness & Mutations

Shadows flee at your approach. (+LOS)
You can swim through water.
You cover ground slowly.
You can hop short distances.


Message History

Your ice beast hits the freezing wraith but does no damage.
Unknown command.
Okay, then.
You feel much better. The freezing wraith hits you.
The freezing wraith freezes you!
* * * LOW HITPOINT WARNING * * *
You block the freezing wraith's attack. x2; The freezing wraith misses you.
Your ice beast hits the freezing wraith.
Your ice beast freezes the freezing wraith.
The freezing wraith completely resists.
Your ice beast closely misses the freezing wraith.
As you read the scroll of teleportation, it crumbles to dust.
You feel strangely unstable. The freezing wraith hits you.
* * * LOW HITPOINT WARNING * * *
The freezing wraith freezes you!
* * * LOW HITPOINT WARNING * * *
The freezing wraith hits you but does no damage.
The freezing wraith barely misses you. The freezing wraith hits you.
You die...

#######.# #. #. #.##.##
#.......# #. ##.# #.#.#
....)..#####.##..# #...#
#.))∩)........#..## ##.#.#
#...)..#####..#.#.###.##.#
#....(.# #.....#...###.#
....##.######.#..##.####.#
........(......YWWY......#
..[......(......@##.######
...###.###.......##.# ...#
#.# #.##.##.##.# .### #.#
#.##.##.##.# .#
#.###.##.##.##.# .#
#).......##.##.# .##
#####.#####.##.#
..########.# #.# .#
..<........#####..#


You could see 2 freezing wraiths and 2 friendly ice beasts.

Vanquished Creatures
  A death knight (D:11)
  A two-headed ogre (D:10)
  Erica (D:9)
  A phantasmal warrior (D:11)
  Pikel (D:6)
  An orc sorcerer (Bailey)
  A cyclops (D:11)
  A centaur zombie (D:10)
  A kobold demonologist (Bailey)
  3 hippogriffs
  A hungry ghost (D:8)
  2 porcupines (D:8)
  Duvessa (D:5)
  A hornet zombie (D:10)
  2 ice beasts
  11 orc warriors
  An eye of draining (D:10)
  4 ogres
  A phantom (D:9)
  3 centaurs
  A crocodile (D:8)
  7 bullfrogs
  Dowan (D:5)
  A wyvern skeleton (D:11)
  A scorpion (D:10)
  6 killer bees
  7 electric eels
  4 wights
  A howler monkey (D:6)
  5 crimson imps
  A bullfrog zombie (D:10)
  4 orc priests
  6 hounds
  3 jellies
  A centaur skeleton (D:10)
  3 iguanas
  8 orc wizards
  9 worker ants
  A hound skeleton (D:7)
  A worker ant zombie (D:8)
  Robin (D:2)
  19 adders
  9 gnolls
  11 oozes
  An adder zombie (D:4)
  2 worms
  2 dart slugs (D:2)
  13 leopard geckos
  34 orcs
  14 giant cockroaches
  22 goblins
  12 hobgoblins
  8 jackals
  6 kobolds
  3 quokkas
  7 ball pythons
  7 bats
  11 frilled lizards
  A jackal skeleton (D:4)
  A leopard gecko skeleton (D:4)
  8 rats
302 creatures vanquished.

Vanquished Creatures (collateral kills)
  An ugly thing (D:8)
  A slave (D:6)
  3 orc warriors
  A sky beast (D:10)
  A centaur (D:10)
  A bullfrog (D:6)
  2 killer bees (D:9)
  4 wights
  4 jellies
  A gnoll shaman (D:4)
  An iguana (D:5)
  3 orc wizards
  A worker ant (D:9)
  3 gnolls
  A shadow imp (D:6)
  2 oozes (D:8)
  A leopard gecko (Sewer)
  16 orcs
  A giant cockroach (Sewer)
  A goblin (Bailey)
  2 hobgoblins (Bailey)
  A rat (D:5)
52 creatures vanquished.

Vanquished Creatures (others)
  5 dream sheep (D:7)
  An orc (D:6)
6 creatures vanquished.

Grand Total: 360 creatures vanquished

Notes
Turn   | Place    | Note
-------+----------+-------------------------------------------
     0 | D:1      | Goreval the Barachi Ice Elementalist began the quest for
                  | the Orb.
     0 | D:1      | Reached XP level 1. HP: 13/13 MP: 3/3
   553 | D:1      | Reached XP level 2. HP: 19/19 MP: 1/5
   557 | D:1      | Learned a level 2 spell: Throw Frost
  1334 | D:2      | Found a glowing golden altar of the Shining One.
  1343 | D:2      | Became a worshipper of the Shining One
  1492 | D:2      | Reached XP level 3. HP: 24/24 MP: 4/6
  1608 | D:2      | Noticed Robin
  1620 | D:2      | Killed Robin
  1685 | D:2      | Found a blossoming altar of Fedhas.
  1913 | D:2      | Reached skill level 5 in Ice Magic
  2037 | D:2      | Reached XP level 4. HP: 18/30 MP: 4/8
  2818 | D:2      | Found a sacrificial altar of Ru.
  3014 | D:2      | Reached XP level 5. HP: 30/35 MP: 5/10
  3024 | D:2      | Learned a level 4 spell: Summon Ice Beast
  3066 | D:2      | Reached skill level 1 in Summonings
  3448 | D:3      | Found a shadowy altar of Dithmenos.
  4239 | D:4      | Reached XP level 6. HP: 27/41 MP: 5/11
  4574 | D:4      | Found a stormy altar of Qazlal.
  4913 | D:4      | Reached * piety under the Shining One
  4941 | D:4      | Learned a level 3 spell: Ozocubu's Armour
  5113 | D:4      | Found an ornate altar of the Wu Jian Council.
  5827 | D:5      | Entered Level 5 of the Dungeon
  5874 | D:5      | Noticed Dowan
  5874 | D:5      | Noticed Duvessa
  5888 | D:5      | Reached XP level 7. HP: 46/46 MP: 8/13
  5917 | D:5      | Killed Duvessa
  5917 | D:5      | Reached skill level 5 in Summonings
  5942 | D:5      | Killed Dowan
  6051 | D:5      | Found a glowing drain.
  6060 | Sewer    | Entered a sewer
  6434 | Sewer    | Reached skill level 1 in Shields
  6859 | Sewer    | Reached ** piety under the Shining One
  6864 | Sewer    | Reached skill level 1 in Fighting
  6889 | Sewer    | Got a fabulously ornate robe
  6901 | Sewer    | Identified the cursed +1 robe of the Midnight Sun {rC+}
                  | (You found it in a sewer)
  7008 | D:5      | Reached XP level 8. HP: 54/54 MP: 4/14
  7127 | D:5      | Found a hide-covered altar of Uskayaw.
  7293 | D:5      | Found a stormy altar of Qazlal.
  7313 | D:5      | Found a shimmering blue altar of Sif Muna.
  7875 | D:6      | Noticed Pikel
  7884 | D:6      | Killed Pikel
  7934 | D:6      | Found a staircase to the Ecumenical Temple.
  8176 | D:6      | Reached skill level 5 in Dodging
  8231 | D:6      | Found a sparkling altar of Nemelex Xobeh.
  8333 | D:6      | Reached skill level 1 in Long Blades
  8333 | D:6      | Reached XP level 9. HP: 66/66 MP: 3/15
  8415 | D:6      | Reached skill level 5 in Fighting
  8641 | D:6      | Got a scorched morningstar
  9147 | D:6      | Identified the +11 morningstar of Rocim {holy, +Rage rPois
                  | Int+7 Dex-4} (You found it on level 6 of the Dungeon)
  9295 | D:7      | Reached skill level 1 in Maces & Flails
  9445 | D:7      | Reached *** piety under the Shining One
  9861 | D:7      | Found a white marble altar of Elyvilon.
  9897 | D:7      | Found Odade's Elemental Accessories.
  9980 | D:7      | Found a shimmering altar of Xom.
 10371 | D:8      | Reached skill level 5 in Maces & Flails
 10910 | D:8      | Found a glowing golden altar of the Shining One.
 11028 | D:8      | Found a staircase to the Lair.
 11039 | D:8      | Reached XP level 10. HP: 43/76 MP: 11/16
 11212 | D:8      | Noticed a cyan ugly thing
 11224 | D:8      | Killed a cyan ugly thing
 11867 | D:9      | Got a steaming robe
 11878 | D:9      | Identified the cursed +1 robe "Dues" {*Drain rPois rCorr
                  | Stlth+} (You found it on level 9 of the Dungeon)
 11982 | D:9      | Found a hazy altar of Hepliaklqana.
 11986 | D:9      | Found an ancient bone altar of Kikubaaqudgha.
 12005 | D:9      | Noticed Erica
 12022 | D:9      | Killed Erica
 12363 | D:9      | Found Suhotuc's Assorted Antiques.
 12378 | D:9      | Bought a scroll of blinking for 180 gold pieces
 12378 | D:9      | Bought an ancient robe for 136 gold pieces
 12378 | D:9      | Bought a scroll of teleportation for 72 gold pieces
 12378 | D:9      | Bought a scroll of identify for 48 gold pieces
 12380 | D:9      | Identified the +0 robe "Jifuxuek" {rF+ rCorr} (You bought
                  | it in a shop on level 9 of the Dungeon)
 12513 | D:9      | Found Fetib's Jewellery Emporium.
 12525 | D:9      | Reached skill level 10 in Maces & Flails
 12763 | D:9      | Reached skill level 1 in Invocations
 12772 | D:9      | Learned a level 2 spell: Passwall
 12775 | D:9      | Learned a level 2 spell: Swiftness
 13044 | D:10     | Entered Level 10 of the Dungeon
 13150 | D:10     | Reached skill level 1 in Charms
 13217 | D:10     | Reached skill level 1 in Air Magic
 13245 | D:10     | Found Uskunow's Antique Armour Boutique.
 13427 | D:10     | Reached **** piety under the Shining One
 13566 | D:10     | Found a staircase to the Orcish Mines.
 13608 | D:10     | Reached XP level 11. HP: 64/81 MP: 7/17
 13703 | D:10     | Found a roughly hewn altar of Beogh.
 14034 | D:10     | Noticed a two-headed ogre
 14044 | D:10     | Killed a two-headed ogre
 14284 | Orc:1    | Entered Level 1 of the Orcish Mines
 14355 | D:11     | Noticed a cyclops
 14360 | D:11     | Found a flagged portal.
 14368 | D:11     | Killed a cyclops
 14374 | D:11     | Got a smoking mace
 14382 | D:11     | Identified the +1 mace "Qonwotir" {speed, +Fly rF+} (You
                  | found it on level 11 of the Dungeon)
 14560 | Bailey   | Entered a bailey
 14638 | Bailey   | Found the +12 glaive of Prune {chop}
 14639 | Bailey   | Found an iron altar of Okawaru.
 14639 | Bailey   | Noticed an orc sorcerer
 14667 | Bailey   | Killed an orc sorcerer
 15627 | Bailey   | Got a pitted leather armour
 15639 | Bailey   | Identified the +0 leather armour of Mezcal {rC+ Dex+4} (You
                  | found it in a bailey)
 15675 | Bailey   | Got a smoking dagger
 16520 | D:11     | Noticed a death knight
 16520 | D:11     | Noticed a phantasmal warrior
 16530 | D:11     | Killed a death knight
 16530 | D:11     | Reached skill level 10 in Ice Magic
 16533 | D:11     | Killed a phantasmal warrior
 16571 | D:11     | HP: 3/81 [freezing wraith[a death knight] (14)]
 16571 | D:11     | Slain by a freezing wraith

Levels and vault maps discovered:
D:1:      sevenhm_arrival_forest_fort_small_6, layout_basic
D:2:      layout_basic, overflow_temple_1_default,
          nicolae_ru_the_path_less_chosen, overflow_temple_1_default,
          first_ration, uniq_robin
D:3:      layout_rooms, lemuel_coloured_pillars_altar,
          nicolae_overflow_hidden_temple
D:4:      layout_loops_ring, kennysheep_little_box, kennysheep_mini_moat
D:5:      layout_basic, lemuel_doored_altar, portal_sewer_entry_b, basic_altar,
          minmay_misc_feat_rows, nicolae_qazlal_eye_of_the_storm, uniq_duvessa
D:6:      layout_loops_ring, nemelex_xobeh_ov_fountains_minmay, temple_hall,
          uniq_pikel
D:7:      layout_loops_ring, lemuel_crystal_altar, kb_xom_exploding_sheep,
          nicolae_elemental_shop, kennysheep_generic_room_16
D:8:      layout_gridville, grunt_lair_entry_orc_guard_hut,
          hangedman_little_slice_of_home, tso_altar
D:9:      cheibrodos_helix_gallery, layout_cave_pools,
          overflow_temple_1_default, nicolae_overflow_crystal_walls,
          serial_shops, nicolae_shop_overgrown_old_shop, shop,
          chequers_serial_rivers_micro_c, uniq_erica
D:10:     layout_basic, minmay_orc_entry_temple_small, serial_shops,
          nicolae_shop_statue_plus, hangedman_decor_riveting
D:11:     layout_loops_ring, enter_bailey_2
Orc:1:    layout_caves, serial_shops, shop_statue

Skill      XL: |  1  2  3  4  5  6  7  8  9 10 11 |
---------------+----------------------------------+-----
Stealth        | 2 |  2.0
Ice Magic      | 4 5 6 7 8 10 | 10.0
Spellcasting   | 3 4 |  4.0
Summonings     | 2 4 6 |  6.0
Shields        | 2 4 |  4.9
Fighting       | 1 4 6 |  6.0
Dodging        | 5 |  5.0
Long Blades    | 1 4 |  4.2
Maces & Flails | 7 10 | 10.1
Invocations    | 2 4 |  4.2
Charms         | 2 4 |  4.6
Air Magic      | 2 4 |  4.6
Conjurations   | |  1.1

Action                   |  1- 3 |  4- 6 |  7- 9 | 10-12 || total
-------------------------+-------+-------+-------+-------++-------
Melee: Unarmed           |     4 |       |       |       ||     4
       Dagger            |     1 |    28 |       |       ||    29
       Short sword       |       |    49 |   113 |       ||   162
       Morningstar       |       |       |    49 |   263 ||   312
Throw: Stone             |    55 |    14 |    12 |    16 ||    97
 Cast: Freeze            |    44 |    92 |   172 |    18 ||   326
       Throw Frost       |     6 |    27 |    36 |     5 ||    74
       Summon Ice Beast  |       |     7 |    16 |    33 ||    56
       Ozocubu's Armour  |       |     1 |     5 |     4 ||    10
       Passwall          |       |       |       |     1 ||     1
       Swiftness         |       |       |       |     1 ||     1
 Abil: Hop               |       |       |       |     3 ||     3
  Use: Scroll            |       |     5 |     6 |    11 ||    22
       Potion            |       |       |       |     1 ||     1
  Eat: Chunk             |     5 |     8 |    21 |    29 ||    63
       Ration            |       |     2 |       |     1 ||     3
Armor: Robe              |     8 |    29 |    79 |    70 ||   186
Dodge: Dodged            |    21 |   103 |   169 |   147 ||   440
Block: Buckler           |       |       |     7 |    57 ||    64
